 Dungeon Crawl Stone Soup version 0.28.0-53-g5a82cb258f (webtiles) character file.

Game seed: 9371342792426738663

37095 concernfroge the Nimble (level 13, -2/79 HPs)
             Began as a Deep Elf Conjurer on June 30, 2022.
             Was an Elder of Sif Muna.
             Slain by an eight-headed hydra (11 damage)
             ... on level 6 of the Lair of Beasts on July 1, 2022.
             The game lasted 01:24:08 (18748 turns).

concernfroge the Nimble (Deep Elf Conjurer)        Turns: 18748, Time: 01:24:09

Health: -2/79      AC:  8    Str:  4    XL:     13   Next: 56%
Magic:  9/27       EV: 17    Int: 29    God:    Sif Muna [****..]
Gold:   795        SH:  6    Dex: 13    Spells: 11/28 levels left

rFire   . . .      SeeInvis .   g - +2 dagger (elec)
rCold   . . .      Faith    .   i - +0 buckler
rNeg    . . .      Spirit   .   j - +0 steam dragon scales
rPois   .          Reflect  .   n - +0 helmet
rElec   .          Harm     .   w - +0 cloak
rCorr   .          Rampage  .   x - +0 pair of gloves
Will    +....                   (no boots)
Stlth   ++........              b - amulet of the acrobat
HPRegen 0.23/turn               (no ring)
MPRegen 0.20/turn               (no ring)

@: hasted, very quick
A: no striking features
a: Renounce Religion, Channel Magic, Forget Spell, Divine Exegesis


You were on level 6 of the Lair of Beasts.
You worshipped Sif Muna.
Sif Muna was greatly pleased with you.
You visited 3 branches of the dungeon, and saw 16 of its levels.

You collected 795 gold pieces.

Inventory:

Hand Weapons
 g - a +2 dagger of electrocution (weapon)
Missiles
 q - a throwing net
Armour
 i - a +0 buckler (worn)
 j - +0 steam dragon scales (worn)
 n - a +0 helmet (worn)
 w - a +0 cloak (worn)
 x - a +0 pair of gloves (worn)
Jewellery
 b - an amulet of the acrobat (around neck)
Wands
 a - a wand of polymorph (9)
 d - a wand of acid (1)
 f - a wand of paralysis (4)
 m - a wand of iceblast (6)
 E - a wand of flame (8)
Scrolls
 c - 2 scrolls of vulnerability
 e - 5 scrolls of identify
 p - a scroll of magic mapping
 r - a scroll of silence {unknown}
 s - a scroll of immolation
 y - a scroll of fog {unknown}
 D - a scroll of torment {unknown}
Potions
 h - 2 potions of might
 k - 2 potions of flight
 l - 3 potions of mutation
 o - 5 potions of attraction
 u - 3 potions of curing
 z - 2 potions of brilliance {unknown}
 A - 2 potions of magic {unknown}


   Skills:
 + Level 8.3 Fighting
 - Level 12.0 Dodging
 - Level 2.4 Stealth
 - Level 8.0 Shields
 - Level 8.4 Spellcasting
 - Level 7.9 Conjurations
 - Level 6.9 Hexes
 - Level 4.8 Translocations
 - Level 10.0 Invocations
 - Level 10.0 Evocations


You had 11 spell levels left.
You knew the following spells:

 Your Spells              Type           Power      Damage    Failure   Level
a - Magic Dart            Conj           100%       1d8       1%          1
b - Searing Ray           Conj           100%       2d8       1%          2
c - Dazzling Flash        Conj/Hex       100%       N/A       1%          3
d - Fulminant Prism       Conj/Hex       26%        3d14      2%          4
e - Iskenderun's Mystic   Conj/Tloc      49%        2d11      4%          4
f - Tukima's Dance        Hex            51%        N/A       1%          3

Your spell library contained the following spells:

 Spells                   Type           Power      Damage    Failure   Level
 Portal Projectile        Hex/Tloc       92%        N/A       1%          3
 Animate Skeleton         Necr           24%        N/A       5%          1
 Freeze                   Ice            48%        1d7       5%          1
 Pain                     Necr           48%        1d6       5%          1
 Passage of Golubria      Tloc           40%        N/A       8%          4
 Hailstorm                Conj/Ice       35%        3d9       11%         4
 Anguish                  Hex/Necr       16%        N/A       13%         4
 Leda's Liquefaction      Hex/Erth       16%        N/A       13%         4
 Call Canine Familiar     Summ           12%        N/A       16%         3
 Frozen Ramparts          Ice            24%        1d4       16%         3
 Vampiric Draining        Necr           12%        2d6       16%         3
 Yara's Violent Unravell  Hex/Tmut       16%        3d8       36%         5
 Summon Forest            Summ/Tloc      13%        N/A       50%         5
 Enfeeble                 Hex            25%        N/A       95%         7
 Eringya's Noxious Bog    Tmut/Pois      6%         N/A       100%        6
 Summon Hydra             Summ           6%         N/A       100%        7


Dungeon Overview and Level Annotations

Branches:
Dungeon (9/15)             Temple (1/1) D:4            Lair (6/6) D:9
  Swamp (0/4) Lair:2       Spider (0/4) Lair:2        Slime (0/5) Lair:5
    Orc: D:9-12

Altars:
Ashenzari
Cheibriados
Dithmenos
Elyvilon
Fedhas
Gozag
Hepliaklqana
Kikubaaqudgha
Makhleb
Nemelex Xobeh
Okawaru
Qazlal
Ru
Sif Muna
Trog
Uskayaw
Vehumet
Wu Jian
Xom
Yredelemnul
Zin

Shops:
D:1 *   D:2 (   D:6 [

Portals:
Abyss: D:4

Annotations:
D:4 2 transporters, Veterankin's ghost, amateur HOFi


Message History

The mystic blast hits the komodo dragon!
You kill the komodo dragon!
Sif Muna accepts your kill.
You hear a roar!
You hear a trumpeting! x2
An eight-headed hydra comes into view.
Casting: Iskenderun's Mystic Blast (dangerous; 4% risk of failure)
Confirm with . or Enter, or press ? or * to list all spells.
You erupt in a blast of force!
The mystic blast hits the eight-headed hydra!
The eight-headed hydra is lightly wounded.
The eight-headed hydra roars!
You hear a trumpeting!
You hear a bellow! x2
The eight-headed hydra barely misses you.
You block the eight-headed hydra's attack.
The eight-headed hydra closely misses you.
You block the eight-headed hydra's attack.
The eight-headed hydra closely misses you.
The eight-headed hydra bites you but does no damage.
The eight-headed hydra bites you! x2
Aiming: Paralyse
Press: ? - help, Shift-Dir - straight line, f - eight-headed hydra
Aim: an eight-headed hydra (lightly wounded, chance to affect: 37%)
Okay, then.
Casting: Iskenderun's Mystic Blast (dangerous; 4% risk of failure)
Confirm with . or Enter, or press ? or * to list all spells.
You erupt in a blast of force!
The mystic blast hits the eight-headed hydra.
The eight-headed hydra is lightly wounded.
You hear a trumpeting!
You hear an angry hiss.
You hear a croak.
The eight-headed hydra bites you but does no damage.
The eight-headed hydra bites you.
You block the eight-headed hydra's attack.
The eight-headed hydra bites you but does no damage.
The eight-headed hydra bites you! x2
* * * LOW HITPOINT WARNING * * *
The eight-headed hydra barely misses you.
The eight-headed hydra bites you!
* * * LOW HITPOINT WARNING * * *
Okay, then.
You feel yourself speed up. The eight-headed hydra bites you!
You die...

......#........
.....#.......#
......P.!....#
#...........#
##........#.##
#.........###
........####
.##.....D..#
........#@.###
.....#.##..).#
....#.#
###......#
#P...#
#.......# .....
#.##...#.# ###.
..P ....# #
#... ..###
#.... .. ....#
...


You could see an eight-headed hydra.

Vanquished Creatures
  2 hydras (Lair:3)
  Erica (D:9)
  A catoblepas (Lair:2)
  2 two-headed ogres
  7 death yaks
  2 bog bodies (Lair:2)
  Pikel (D:7)
  2 black mambas
  3 elephants (Lair:4)
  Joseph (D:9)
  A gargoyle (D:8)
  A torpor snail (Lair:2)
  10 cane toads
  Maggie (D:6)
  4 komodo dragons
  2 rime drakes
  A troll (D:6)
  2 polar bears
  A hornet (D:7)
  Grinder (D:4)
  10 blink frogs
  5 dream sheep (Lair:5)
  10 spriggans (Lair:1)
  2 wyverns
  49 yaks
  Sigmund (D:2)
  5 basilisks
  A steam dragon (D:8)
  Menkaure (D:7)
  Duvessa (D:6)
  15 water moccasins
  3 orc warriors (D:9)
  An ice beast (D:7)
  A necrophage (D:7)
  An ogre (D:9)
  A black bear (D:9)
  A centaur (D:5)
  22 wolves
  4 lemures
  13 bullfrogs
  4 scorpions
  A wyvern skeleton (D:6)
  Dowan (D:6)
  17 killer bees (D:9)
  4 wights
  A howler monkey (D:6)
  A centaur zombie (D:9)
  3 hounds
  3 orc priests
  Crazy Yiuf (D:7)
  A centaur skeleton (D:7)
  A bullfrog skeleton (D:7)
  Jessica (D:2)
  Ijyb (D:3)
  5 iguanas
  3 orc wizards (D:9)
  Natasha (thrice) (D:4)
  4 hell rats (Lair:5)
  2 killer bee zombies (D:8)
  A hound skeleton (D:4)
  A howler monkey zombie (D:9)
  10 adders
  4 gnolls (D:2)
  A howler monkey skeleton (D:7)
  A white imp (D:7)
  3 dart slugs
  16 orcs
  5 bats
  8 endoplasms
  4 giant cockroaches (D:1)
  5 goblins
  6 hobgoblins
  4 jackals
  2 kobolds
  3 ball pythons
  4 frilled lizards
  4 rats
332 creatures vanquished.

Vanquished Creatures (others)
  199 fulminant prisms
  88 fungi
  88 plants
375 creatures vanquished.

Grand Total: 707 creatures vanquished

Notes
Turn   | Place    | Note
-------+----------+-------------------------------------------
     0 | D:1      | concernfroge the Deep Elf Conjurer began the quest for the
                  | Orb.
     0 | D:1      | Reached XP level 1. HP: 10/10 MP: 6/6
   278 | D:1      | Reached XP level 2. HP: 15/15 MP: 3/8
   281 | D:1      | Learned a level 2 spell: Searing Ray
   356 | D:1      | Found Qaapriom's Assorted Antiques.
   860 | D:2      | Reached skill level 5 in Conjurations
   860 | D:2      | Reached XP level 3. HP: 14/19 MP: 3/10
  1112 | D:2      | Learned a level 3 spell: Dazzling Flash
  1205 | D:2      | Found Suutuejo's Weapon Boutique.
  1304 | D:2      | Noticed Jessica
  1307 | D:2      | Killed Jessica
  1308 | D:2      | Reached skill level 1 in Hexes
  1308 | D:2      | Reached XP level 4. HP: 24/24 MP: 0/12
  1313 | D:2      | Learned a level 4 spell: Fulminant Prism
  1697 | D:2      | Reached skill level 5 in Spellcasting
  1799 | D:2      | Noticed Sigmund
  1925 | D:2      | Killed Sigmund
  1926 | D:2      | Reached XP level 5. HP: 28/28 MP: 10/15
  1926 | D:2      | Reached XP level 6. HP: 32/32 MP: 10/16
  1931 | D:2      | Learned a level 4 spell: Iskenderun's Mystic Blast
  2342 | D:3      | Noticed Ijyb
  2353 | D:3      | Killed Ijyb
  2888 | D:4      | Noticed Grinder
  2895 | D:4      | Reached skill level 1 in Translocations
  2896 | D:4      | Killed Grinder
  2897 | D:4      | Reached XP level 7. HP: 31/36 MP: 1/18
  3003 | D:4      | Noticed Natasha
  3006 | D:4      | Killed Natasha
  3010 | D:3      | Reached skill level 5 in Hexes
  3581 | D:4      | Found a staircase to the Ecumenical Temple.
  3605 | Temple   | Entered the Ecumenical Temple
  3838 | Temple   | Became a worshipper of Sif Muna the Loreminder
  3874 | D:4      | Noticed Natasha
  3878 | D:4      | Killed Natasha
  3966 | D:4      | Found a one-way gate to the infinite horrors of the Abyss.
  3966 | D:4      | Noticed Veterankin's ghost (amateur HOFi)
  4002 | D:4      | Found a transporter.
  4020 | D:4      | Found a transporter.
  4082 | D:4      | Noticed Natasha
  4087 | D:4      | Killed Natasha
  4387 | D:5      | Entered Level 5 of the Dungeon
  4736 | D:5      | Reached XP level 8. HP: 33/41 MP: 13/21
  5084 | D:6      | Noticed Duvessa
  5084 | D:6      | Noticed Dowan
  5090 | D:6      | Killed Dowan
  5092 | D:6      | Killed Duvessa
  5211 | D:6      | Noticed Maggie
  5218 | D:6      | Killed Maggie
  5628 | D:6      | Found Igrusanu's Antique Armour Shoppe.
  5853 | D:6      | Noticed a two-headed ogre
  5869 | D:6      | Killed a two-headed ogre
  5870 | D:6      | Reached skill level 1 in Fighting
  5870 | D:6      | Reached skill level 4 in Dodging
  5870 | D:6      | Reached skill level 1 in Shields
  5870 | D:6      | Reached skill level 1 in Invocations
  5870 | D:6      | Reached skill level 1 in Evocations
  5870 | D:6      | Reached XP level 9. HP: 25/47 MP: 4/23
  6192 | D:6      | Noticed a troll
  6202 | D:6      | Killed a troll
  6293 | D:6      | Found the +18 Lear's hauberk
  6459 | D:7      | Noticed Pikel
  6654 | D:7      | Killed Pikel
  6655 | D:7      | Reached skill level 5 in Dodging
  6775 | D:7      | Found a hazy altar of Hepliaklqana.
  6783 | D:7      | Found a hide-covered altar of Uskayaw.
  7072 | D:7      | Noticed Menkaure
  7078 | D:7      | Killed Menkaure
  7079 | D:7      | Reached skill level 6 in Dodging
  7168 | D:7      | Found a runed translucent door.
  7171 | D:7      | Noticed Crazy Yiuf
  7506 | D:7      | Found an iron altar of Okawaru.
  7506 | D:7      | Found a glowing silver altar of Zin.
  7508 | D:7      | Found an opulent altar of Gozag.
  7679 | D:7      | Killed Crazy Yiuf
  7738 | D:8      | Found an ornate altar of the Wu Jian Council.
  7874 | D:8      | Reached * piety under Sif Muna
  8094 | D:8      | Noticed a gargoyle
  8099 | D:8      | Noticed a gargoyle
  8099 | D:8      | Noticed a gargoyle
  8099 | D:8      | Noticed a gargoyle
  8099 | D:8      | Noticed a gargoyle
  8103 | D:8      | Killed a gargoyle
  8104 | D:8      | Reached skill level 7 in Dodging
  8104 | D:8      | Reached XP level 10. HP: 19/56 MP: 12/24
  8175 | D:9      | Found a staircase to the Lair.
  8426 | D:9      | Noticed a two-headed ogre
  8430 | D:9      | Killed a two-headed ogre
  8543 | D:9      | Reached skill level 8 in Dodging
  8827 | D:9      | Noticed Erica
  8831 | D:9      | Killed Erica
  8840 | D:9      | Reached ** piety under Sif Muna
  8841 | D:9      | Reached skill level 5 in Invocations
  8841 | D:9      | Reached skill level 5 in Evocations
  9364 | D:9      | Reached skill level 9 in Dodging
  9758 | D:9      | Found a bloodstained altar of Trog.
  9804 | D:9      | Noticed Joseph
  9946 | D:9      | Killed Joseph
 10558 | Lair:1   | Entered Level 1 of the Lair of Beasts
 10573 | Lair:1   | Reached XP level 11. HP: 61/61 MP: 19/25
 10897 | Lair:1   | Reached skill level 10 in Dodging
 11755 | Lair:1   | Reached *** piety under Sif Muna
 11761 | Lair:1   | Reached skill level 5 in Fighting
 11838 | Lair:1   | Reached skill level 5 in Shields
 11866 | Lair:1   | Reached skill level 11 in Dodging
 12492 | Lair:1   | Learned a level 3 spell: Tukima's Dance
 12600 | Lair:2   | Noticed a death yak
 12604 | Lair:2   | Noticed a death yak
 12611 | Lair:2   | Noticed a catoblepas
 12617 | Lair:2   | Killed a death yak
 12617 | Lair:2   | Killed a death yak
 12618 | Lair:2   | Reached XP level 12. HP: 44/68 MP: 18/26
 12631 | Lair:2   | Killed a catoblepas
 12956 | Lair:2   | Reached skill level 12 in Dodging
 13433 | Lair:2   | Found a hole to the Spider Nest.
 13543 | Lair:2   | Found a staircase to the Swamp.
 14398 | Lair:3   | Noticed a boulder beetle
 14728 | Lair:3   | Noticed a seven-headed hydra
 14743 | Lair:3   | Killed a seven-headed hydra
 14776 | Lair:3   | Reached **** piety under Sif Muna
 14986 | Lair:3   | Noticed a four-headed hydra
 14998 | Lair:3   | Killed a four-headed hydra
 15857 | Lair:4   | Noticed a death yak
 15857 | Lair:4   | Noticed a death yak
 15858 | Lair:4   | Noticed a death yak
 15859 | Lair:4   | Noticed a death yak
 15859 | Lair:4   | Noticed a death yak
 16366 | Lair:4   | Reached XP level 13. HP: 76/76 MP: 12/27
 17549 | Lair:5   | Found a staircase to the Slime Pits.
 17908 | Lair:5   | Reached skill level 10 in Evocations
 17912 | Lair:5   | Reached skill level 10 in Invocations
 18701 | Lair:6   | Entered Level 6 of the Lair of Beasts
 18748 | Lair:6   | Slain by an eight-headed hydra

Illustrated notes

Levels and vault maps discovered:
D:1:      eino_arrival_cavern_a, layout_loops_ring, serial_shops,
          nicolae_shop_overgrown_old_shop
D:2:      layout_loops_cross, serial_shops, nicolae_shop_bloodbath_and_beyond,
          uniq_jessica, uniq_sigmund
D:3:      layout_rooms, uniq_ijyb
D:4:      layout_layer_cave, minmay_temple_entry_proselytizer,
          gammafunk_ghost_abyssal_escape, uniq_natasha, uniq_grinder
D:5:      layout_loops_ring
D:6:      layout_loops_ring, serial_shops, nicolae_diamond_shop,
          grunt_decor_resistance, hellmonk_guarded_unrand_lears, uniq_maggie,
          uniq_duvessa
D:7:      layout_loops_ring, grunt_temple_overflow_open, minitemple,
          uniq_crazy_yiuf_cottage, uniq_menkaure, uniq_pikel
D:8:      cheibrodos_statue_roulette, layout_basic,
          mainiacjoe_overflow_boulevard, kennysheep_boxes
D:9:      layout_layer_cave, trog_three_pillars_becter,
          due_lair_maze_entry_diamond, hangedman_decor_points, grunt_ogre_cave,
          minmay_sticks_and_stones, uniq_erica
Temple:   eino_temple_water
Lair:1:   kb_forest_paths, layout_chaotic_city
Lair:2:   layout_cellular_growth, skrybe_swamp_entry_bodies, dummy_spider_entry,
          grunt_megastairs_1, infiniplex_staircase_pool, lemuel_fruit_fields
Lair:3:   layout_chaotic_city
Lair:4:   layout_regular_city, grunt_megastairs_3
Lair:5:   layout_roguey, slime_dummy, grunt_megastairs_4
Lair:6:   hellmonk_lair_end_abyssal_woods, layout_misc_corridors, basic_altar,
          disabler_island

Skill      XL: |  1  2  3  4  5  6  7  8  9 10 11 12 13 |
---------------+----------------------------------------+-----
Spellcasting   | 4 5 6 7 8 |  8.4
Conjurations   | 5 6 7 |  7.9
Hexes          | 1 3 4 5 6 |  6.9
Translocations | 2 3 4 |  4.8
Fighting       | 1 3 4 5 7 8 |  8.3
Dodging        | 4 7 9 11 12 | 12.0
Shields        | 1 2 4 5 7 8 |  8.0
Invocations    | 1 3 5 7 9 10 | 10.0
Evocations     | 1 3 5 7 9 10 | 10.0
Stealth        | |  2.4

Action                   |  1- 3 |  4- 6 |  7- 9 | 10-12 | 13-15 || total
-------------------------+-------+-------+-------+-------+-------++-------
Melee: Dagger            |       |     3 |       |       |       ||     3
 Cast: Magic Dart        |    41 |    38 |    53 |    52 |     6 ||   190
       Searing Ray       |     4 |    10 |    35 |    48 |     7 ||   104
       Fulminant Prism   |       |     9 |    27 |   119 |    44 ||   199
       Iskenderun's Myst |       |       |    12 |    93 |    48 ||   153
Invok: Channel Magic     |       |       |       |     6 |     6 ||    12
Evoke: Wand              |       |     2 |     4 |    23 |       ||    29
  Use: Scroll            |     3 |     1 |     5 |     6 |     3 ||    18
       Potion            |       |     1 |     9 |     2 |     2 ||    14
Armor: Robe              |     2 |       |     3 |       |       ||     5
       Steam dragon scal |       |       |     1 |    21 |     6 ||    28
Dodge: Dodged            |     6 |     2 |    30 |    72 |    20 ||   130
Block: Buckler           |       |       |     6 |    23 |    10 ||    39
